 Dungeon Crawl Stone Soup version 0.29-a0-732-g3d7fbe0af2 (console) character file.

Game seed: 16543722770415590440

14 jejorda2 the Chopper (level 2, 0/25 HPs)
             Began as a Palentonga Berserker on June 29, 2022.
             Was a Follower of Trog.
             Slain by a ball python (3 damage)
             ... on level 1 of the Dungeon.
             The game lasted 00:01:17 (142 turns).

jejorda2 the Chopper (Palentonga Berserker)          Turns: 142, Time: 00:01:18

Health: 0/25       AC:  4    Str: 20    XL:     2   Next: 27%
Magic:  2/2        EV:  9    Int:  7    God:    Trog [*.....]
Gold:   0          SH:  0    Dex:  9    Spells: 1/1 levels left

rFire   . . .      SeeInvis +   a - +0 hand axe
rCold   . . .      Faith    .   (no shield)
rNeg    . . .      Spirit   .   b - +0 animal skin
rPois   .          Reflect  .   (no helmet)
rElec   .          Harm     .   (no cloak)
rCorr   .          Rampage  .   (no gloves)
Will    .....                   (no barding)
Stlth   +.........              (no amulet)
HPRegen 0.08/turn               (no ring)
MPRegen 0.08/turn               (no ring)

@: on berserk cooldown, slowed, very slow
A: large, rugged brown scales 3, see invisible, deformed body, roll 1, armoured
tail
a: Rolling Charge, Renounce Religion, Berserk


You were on level 1 of the Dungeon.
You worshipped Trog.
Trog was aware of your devotion.
You visited 1 branch of the dungeon, and saw 1 of its levels.

Inventory:

Hand Weapons
 a - a +0 hand axe (weapon)
Missiles
 c - 9 stones
Armour
 b - a +0 animal skin (worn)
Scrolls
 f - a scroll of brand weapon {unknown}
Potions
 d - a potion of brilliance {unknown}
 e - a potion of flight {unknown}


   Skills:
 + Level 3.2 Fighting
 * Level 3.4 Axes
 + Level 1.8 Armour
 - Level 1.5 Dodging


You had one spell level left.
You didn't know any spells.
Your spell library was empty.

Dungeon Overview and Level Annotations

Branches:
Dungeon (1/15)

Altars:


Innate Abilities, Weirdness & Mutations

You are completely covered in rugged brown scales. (AC +3, +7% HP)
You have supernaturally acute eyesight. (SInv)
Armour fits poorly on your strangely shaped body.
You can roll at nearby foes to attack.
You have a long armoured tail.


Message History

Your tail-slap misses the frilled lizard.
The frilled lizard is heavily wounded.
You slash the hobgoblin!
You kill the hobgoblin!
Trog accepts your kill.
You hit the kobold.
You kill the kobold!
Trog accepts your kill.
You slash the goblin!
You kill the goblin!
Trog accepts your kill.
You slash the endoplasm!
You kill the endoplasm!
Trog accepts your kill. The frilled lizard closely misses you.
You barely miss the frilled lizard.
Your tail-slap misses the frilled lizard.
The frilled lizard is heavily wounded.
You slash the frilled lizard!
You kill the frilled lizard!
Trog accepts your kill.
You feel a strong urge to attack something.
You feel your anger nearly subside.
You are no longer berserk.
You are exhausted.
You feel yourself slow down.
A ball python comes into view.
You see here a ring of see invisible.
The ball python hisses angrily.
Found a scroll labelled EMOIK BAREMEUTUT.
The ball python enters a dispersal trap!
You blink.
Okay, then.
Found a scroll labelled BAIDEAGH RUOSO.
f - a scroll labelled EMOIK BAREMEUTUT
There are no items here.
The ball python closely misses you.
You closely miss the ball python.
Your tail-slap misses the ball python.
The ball python bites you but does no damage.
The ball python bites you.
You die...

...#.....##.# #..#
...†.#.####... ...#
.....#.# #.####.##
.....#.. ... ...
.....######.## #.#
.......... .. #.#
.....#.#.# .# #.# .#
##.#...#.##.##.#.# .#
##.#.S.......#.#@#..#
##.#...#.....#.#S#..#
.#.#.#=#.##..#.#.#..#
.#.#.#.....)........#
.#.#...........#....##.#
##...#.........#........
.....#...†..............
.....#.).†..#......##..#
........)†..#...........


You could see a ball python.

Vanquished Creatures
  A dart slug (D:1)
  An endoplasm (D:1)
  2 goblins (D:1)
  3 hobgoblins (D:1)
  A ball python (D:1)
  A frilled lizard (D:1)
  A kobold (D:1)
  A rat (D:1)
11 creatures vanquished.

Notes
Turn   | Place    | Note
-------+----------+-------------------------------------------
     0 | D:1      | jejorda2 the Palentonga Berserker began the quest for the
                  | Orb.
     0 | D:1      | Reached XP level 1. HP: 19/19 MP: 1/1
   112 | D:1      | Found a faded altar of an unknown god.
   122 | D:1      | Reached XP level 2. HP: 5/25 MP: 2/2
   122 | D:1      | HP: 1/37 [kobold/+0 whip (4)]
   142 | D:1      | Slain by a ball python

Illustrated notes

Levels and vault maps discovered:
D:1:      eino_arrival_cavern_b, layout_basic, basic_ecumenical_altar

Action                   || total
-------------------------++-------
Melee: Hand axe          ||    23
       Tailslap          ||     2
Invok: Berserk           ||     1
 Abil: Rolling Charge    ||     5
Armor: Animal skin       ||     6
Dodge: Dodged            ||    18

Table legend: (Time is in decaauts)
 A = Elapsed time spent in this place.
 B = Non-inter-level travel time spent in this place.
 C = Inter-level travel time spent in this place.
 D = Time resting spent in this place.
 E = Time spent auto-exploring this place.
 F = Levels seen in this place.
 G = Mean time per level.
                   A        B        C        D        E       F      G
               +--------+--------+--------+--------+--------+-----+--------+
         Total |    149 |    149 |      0 |      0 |     81 |   1 |  149.0 |
       Dungeon |    149 |    149 |      0 |      0 |     81 |   1 |  149.0 |
               +--------+--------+--------+--------+--------+-----+--------+

Top non-repeatable levels by time:
     D:1: 149 daAuts
